AoeStats
← ☆寒星霞芒☆

Arena

507986806Analyzed
4v4 RM · 13d ago on Sep 20, 2026· 37m 3s· 8 players
Game mode
Random Map
Map size
Large (8 player)
Population
200
Speed
Normal
Resources
Standard
Victory
Conquest
Starting age
Dark Age
Ending age
Imperial Age
RankedLock teamsTeams togetherTeam positionsShared explorationLock speedFull tech treeHidden civsTurbo modeCheats
Victory
Defeat
🇨🇳 Turks · China
1295
+15
🇨🇳 Chinese · China
1289
+16
🇨🇳 Jurchens · China
1246
+17
🇵🇾 Italians · Paraguay
1293
-16
🇹🇷 Inca · Türkiye
1290
-16
🇭🇰 Spanish · Hong Kong SAR China
1289
-16
🇪🇸 Mongols · Spain
1263
-15
_Suko_
10:53 Feudal Age
14:47 Castle Age
13:28 Horse Collar
19:38 Fletching
20:07 Padded Archer Armor
20:47 Loom
23:51 Bodkin Arrow
25:35 Leather Archer Armor
26:01 Wheelbarrow
25:33 Heavy Plow
28:25 Gold Mining
29:13 Hand Cart
33:31 Imperial Age
33:00 Double-Bit Axe
33:53 Gold Shaft Mining
35:26 Bracer
35:46 Bloodlines
痛苦
10:20 Feudal Age
13:59 Castle Age
11:49 Double-Bit Axe
14:05 Horse Collar
15:32 Loom
20:34 Bow Saw
21:25 Heavy Plow
23:37 Wheelbarrow
25:35 Hand Cart
30:16 Imperial Age
28:25 Gold Mining
28:36 Padded Archer Armor
29:49 Scale Barding Armor
30:00 Leather Archer Armor
29:32 Town Watch
30:37 Bloodlines
30:28 Husbandry
30:36 Cavalier
32:12 Guilds
32:35 Coinage
31:49 Sappers
32:41 Conscription
32:48 Chain Barding Armor
32:59 Ring Archer Armor
32:39 Forging
33:22 Stone Mining
35:35 Two-Man Saw
36:02 Elite Conquistador
WolffJesu
10:38 Feudal Age
10:50 Loom
11:32 Double-Bit Axe
14:50 Castle Age
12:43 Horse Collar
16:06 Loom
16:35 Bow Saw
18:15 Gold Mining
28:00 Imperial Age
26:59 Fletching
27:10 Padded Archer Armor
27:38 Bodkin Arrow
27:44 Padded Archer Armor
28:38 Masonry
29:44 Chemistry
28:57 Town Watch
29:49 Wheelbarrow
29:25 Bracer
32:19 Leather Archer Armor
33:10 Conscription
EarlyQuitter
10:28 Feudal Age
11:40 Double-Bit Axe
12:00 Horse Collar
14:31 Castle Age
15:35 Bow Saw
15:41 Heavy Plow
21:21 Fletching
22:07 Bodkin Arrow
27:18 Loom
32:14 Gold Mining
休眠玩家 精锐条顿骑士 一步杀十人
0:28 Loom
10:48 Feudal Age
14:42 Castle Age
14:16 Double-Bit Axe
14:12 Horse Collar
15:48 Bow Saw
15:40 Heavy Plow
18:20 Fletching
21:26 Gold Mining
23:23 Bodkin Arrow
26:07 Wheelbarrow
25:18 Town Watch
26:28 Ballistics
26:22 Padded Archer Armor
26:17 Stone Mining
27:31 Hand Cart
31:29 Imperial Age
29:34 Masonry
30:08 Crossbowman
31:08 Thumb Ring
31:53 Leather Archer Armor
31:33 Arbalester
33:22 Chemistry
32:44 Bracer
34:17 Leather Archer Armor
33:23 Elite Skirmisher
34:35 Stone Mining
35:30 Capped Ram
icu monster
0:28 Loom
11:58 Feudal Age
12:44 Double-Bit Axe
12:40 Horse Collar
13:03 Gold Mining
15:48 Castle Age
17:07 Wheelbarrow
16:53 Bow Saw
16:45 Heavy Plow
17:17 Squires
17:48 Scale Mail Armor
17:55 Arson
20:05 Forging
21:35 Hand Cart
32:31 Imperial Age
30:35 Fletching
31:47 Thumb Ring
32:39 Gold Shaft Mining
32:47 Bloodlines
32:38 Husbandry
32:43 Bodkin Arrow
34:14 Ballistics
34:45 Town Watch
35:10 Bracer
35:10 Padded Archer Armor
35:11 Heavy Cavalry Archer
37:04 Leather Archer Armor
37:50 Chemistry
37:11 Chain Mail Armor
37:31 Iron Casting
☆寒星霞芒☆
10:57 Feudal Age
12:05 Double-Bit Axe
12:07 Horse Collar
14:39 Castle Age
16:30 Bow Saw
18:18 Wheelbarrow
18:14 Heavy Plow
22:42 Hand Cart
23:06 Gold Mining
27:32 Imperial Age
25:34 Scale Barding Armor
25:39 Forging
26:13 Gold Shaft Mining
26:15 Bloodlines
26:06 Husbandry
27:13 Chain Barding Armor
28:15 Iron Casting
28:52 Plate Barding Armor
27:52 Elite Steppe Lancer
28:26 Loom
29:36 Plate Barding Armor
31:08 Blast Furnace
打咩哟~
10:49 Feudal Age
14:43 Castle Age
13:06 Double-Bit Axe
13:16 Horse Collar
14:31 Loom
24:12 Wheelbarrow
26:00 Gold Mining
31:21 Imperial Age
31:16 Ballistics
30:37 Treadmill Crane
31:14 Padded Archer Armor
31:05 Fletching
32:06 Gold Shaft Mining
32:10 Hand Cart
32:45 Conscription
32:26 Stone Mining
33:41 Conscription
34:44 Artillery
35:34 Leather Archer Armor
35:14 Bodkin Arrow
35:40 Elite Janissary
Connection lost

Rejoining the realm…

Still unreachable

The connection could not be restored.

Session expired

The server has moved on; the page needs a fresh start.